 Dungeon Crawl Stone Soup version 0.27-a0-828-g8289197e94 (webtiles) character file.

Game seed: 17153158530169345522

1 dickylongcocking the Insei (level 1, 0/13 HPs)
             Began as an Octopode Transmuter on Mar 30, 2021.
             Slain by a bat (1 damage)
             ... on level 1 of the Dungeon.
             The game lasted 00:00:05 (38 turns).

dickylongcocking the Insei (Octopode Transmuter)      Turns: 38, Time: 00:00:06

Health: 0/13       AC:  1    Str:  9    XL:     1   Next: 20%
Magic:  3/3        EV: 13    Int: 15    God:
Gold:   10         SH:  0    Dex: 12    Spells: 3/4 levels left

rFire    . . .     SeeInvis .     - Unarmed
rCold    . . .     Faith    .   (no shield)
rNeg     . . .     Spirit   .   (helmet restricted)
rPois    .         Reflect  .   (no amulet)
rElec    .         Harm     .   (no ring)
rCorr    .         Rampage  .   (no ring)
Will     .....                  (no ring)
Stlth    ++........             (no ring)
HPRegen  0.04/turn              (no ring)
MPRegen  0.08/turn              (no ring)
                                (no ring)
                                (no ring)

@: no status effects
A: almost no armour, amphibious, 8 rings, camouflage 1, gelatinous body 1,
(nimble swimmer 1), tentacles
a: no special abilities


You were on level 1 of the Dungeon.
You visited 1 branch of the dungeon, and saw 1 of its levels.

You collected 10 gold pieces.

You aren't carrying anything.


   Skills:
 - Level 1.0 Fighting
 - Level 2.0 Dodging
 * Level 3.1 Unarmed Combat
 - Level 2.0 Spellcasting
 - Level 2.0 Transmutations


You had 3 spell levels left.
You knew the following spells:

 Your Spells              Type           Power      Damage    Failure   Level
a - Beastly Appendage     Tmut           14%        N/A       10%         1

Your spell library contained the following spells:

 Spells                   Type           Power      Damage    Failure   Level
 Wereblood                Tmut           7%         N/A       14%         2
 Spider Form              Tmut/Pois      2%         N/A       41%         3
 Ice Form                 Ice/Tmut       4%         N/A       82%         4
 Hydra Form               Tmut           3%         N/A       95%         5


Dungeon Overview and Level Annotations

Branches:
Dungeon (1/15)

Altars:


Innate Abilities, Weirdness & Mutations

You cannot wear most types of armour.
You are amphibious.
You can wear up to eight rings at the same time.
Your skin changes colour to match your surroundings (Stealth+).
Your rubbery body absorbs attacks. (AC +1, EV +1)
((You are camouflaged near water. (Stealth+)))
You have tentacles for arms and can constrict up to eight enemies at once.


Message History

Confirm with . or Enter, or press ? or * to list all spells.
One of your tentacles grows a vicious spike.
A ball python comes into view.
Found 2 lumpy emerald potions and a short sword.
A ball python and a quokka come into view.
The helpless ball python fails to defend itself.
You tentacle-slap the ball python. Your grab misses the ball python.
The ball python is heavily wounded.
Your transformation is almost over.
The ball python bites you. The ball python grabs you.
The ball python constricts you.
You closely miss the ball python. Your grab misses the ball python.
You pierce the ball python.
You kill the ball python!
There are monsters nearby!
A goblin comes into view. It is wielding a +0 club.
Found a stone staircase leading down.
Found 17 poisoned darts.
The helpless quokka fails to defend itself.
You tentacle-slap the quokka. You grab the quokka.
The quokka is lightly wounded.
You constrict the quokka.
The goblin shouts!
The quokka bites you.
You tentacle-slap the quokka but do no damage.
The quokka is moderately wounded.
You constrict the quokka, but do no damage.
A bat comes into view.
The quokka bites you.
You are too injured to fight recklessly!
You barely miss the goblin. You grab the goblin.
You pierce the goblin, but do no damage.
You constrict the quokka, but do no damage.
You constrict the goblin. The quokka barely misses you. The quokka bites you.
* * * LOW HITPOINT WARNING * * *
You release your grip on the quokka.
You release your grip on the goblin.
The goblin misses you.
Your tentacle spike disappears.
The bat hits you.
You die...

.......S.# .)......
....... #### #..... #...
#.#.. .#
#.#.#.##.#.#####..#(
.........#....!.....
..........@bgr..>#
###.###.####.....#
###.......##..#..#
...####...#......#
#.#.....)....#....
######.#.###...S#.#####.
#..........#.......?
##.##.##..###S.####.#
...#...##.# #.>. ...


You could see a quokka, a goblin, a bat and a ball python (wandering).

Vanquished Creatures
  A ball python (D:1)
1 creature vanquished.

Notes
Turn   | Place    | Note
-------+----------+-------------------------------------------
     0 | D:1      | dickylongcocking the Octopode Transmuter began the quest
                  | for the Orb.
     0 | D:1      | Reached XP level 1. HP: 13/13 MP: 3/3
    38 | D:1      | Slain by a bat

Illustrated notes

Levels and vault maps discovered:
D:1:      psy_arrival_dodecagon, layout_basic, grunt_decor_clamped

Action                   || total
-------------------------++-------
Melee: Unarmed           ||     5
       Constrict         ||     2
       Kick              ||     2
 Cast: Beastly Appendage ||     1
 Stab: Sleeping          ||     2
Dodge: Dodged            ||     2

Table legend: (Time is in decaauts)
 A = Elapsed time spent in this place.
 B = Non-inter-level travel time spent in this place.
 C = Inter-level travel time spent in this place.
 D = Time resting spent in this place.
 E = Time spent auto-exploring this place.
 F = Levels seen in this place.
 G = Mean time per level.
                   A        B        C        D        E       F      G
               +--------+--------+--------+--------+--------+-----+--------+
         Total |     37 |     37 |      0 |      0 |     21 |   1 |   37.0 |
       Dungeon |     37 |     37 |      0 |      0 |     21 |   1 |   37.0 |
               +--------+--------+--------+--------+--------+-----+--------+

Top non-repeatable levels by time:
     D:1: 37 daAuts
